 Dungeon Crawl Stone Soup version 0.27-a0-1184-ge86db4a01e (webtiles) character file.

Game seed: 6404211962402863281

556 roflturtle the Firebug (level 6, 0/48 HPs)
             Began as a Demigod Fire Elementalist on May 19, 2021.
             Slain by an ogre
             ... wielding a +0 giant spiked club
              (33 damage)
             ... on level 5 of the Dungeon.
             The game lasted 00:19:31 (5162 turns).

roflturtle the Firebug (Demigod Fire Elementalist)  Turns: 5162, Time: 00:19:31

Health: 0/48       AC:  3    Str:  9    XL:     6   Next: 81%
Magic:  5/14       EV: 12    Int: 25    God:
Gold:   139        SH:  0    Dex: 14    Spells: 3/11 levels left

rFire    . . .     SeeInvis .   n - +2 dagger (freeze)
rCold    . . .     Faith    .   (no shield)
rNeg     . . .     Spirit   .   a - +0 robe
rPois    .         Reflect  .   (no helmet)
rElec    .         Harm     .   (no cloak)
rCorr    .         Rampage  .   k - +0 pair of gloves
Will     .....                  (no boots)
Stlth    ++........             (no amulet)
HPRegen  0.16/turn              (no ring)
MPRegen  0.14/turn              (no ring)

@: lethally poisoned (0 -> -2)
A: high mp 1, forlorn
a: no special abilities


You were on level 5 of the Dungeon.
You visited 1 branch of the dungeon, and saw 5 of its levels.

You collected 139 gold pieces.

Inventory:

Hand Weapons
 n - a +2 dagger of freezing (weapon)
 q - a +2 whip of electrocution
Armour
 a - a +0 robe (worn)
 k - a +0 pair of gloves (worn)
Jewellery
 b - a ring of ice
 j - an amulet of reflection
Wands
 m - a wand of mindburst (11)
Scrolls
 d - a scroll of blinking {unknown}
 e - 4 scrolls of identify {unknown}
 f - 2 scrolls of enchant weapon {unknown}
 h - a scroll of teleportation {unknown}
 l - a scroll of magic mapping {unknown}
 o - a scroll of summoning {unknown}
 p - 3 scrolls of fog {unknown}
Potions
 c - 2 potions of degeneration {unknown}
 g - 2 potions of brilliance {unknown}
 i - 3 potions of haste


   Skills:
 - Level 2.1 Fighting
 - Level 2.0 Dodging
 - Level 2.0 Stealth
 - Level 3.4 Spellcasting
 + Level 3.0 Conjurations
 - Level 5.1 Fire Magic


You had 3 spell levels left.
You knew the following spells:

 Your Spells              Type           Power      Damage    Failure   Level
a - Foxfire               Conj/Fire      96%        2x1d8     1%          1
b - Conjure Flame         Conj/Fire      24%        6-21      5%          3
c - Inner Flame           Hex/Fire       17%        N/A       10%         3
d - Magic Dart            Conj           76%        1d6       2%          1

Your spell library contained the following spells:

 Spells                   Type           Power      Damage    Failure   Level
 Blink                    Tloc           N/A        N/A       14%         2
 Call Imp                 Summ           4%         N/A       14%         2
 Slow                     Hex            4%         N/A       14%         2
 Mephitic Cloud           Conj/Pois/Air  9%         N/A       19%         3
 Sticky Flame             Conj/Fire      24%        2d5       19%         4
 Fireball                 Conj/Fire      12%        3d7       45%         5


Dungeon Overview and Level Annotations

Branches:
Dungeon (5/15)
 Temple: D:4-7

Annotations:
D:5 Menkaure


Innate Abilities, Weirdness & Mutations

Your attributes grow dramatically as you level up.
You have an increased reservoir of magic. (+10% MP)
You shall have no god before yourself.


Message History

You conjure some foxfire!
You feel very sick.
The foxfire hits the water moccasin but does no damage.
The water moccasin is severely wounded.
The water moccasin misses you.
The foxfire hits the water moccasin.
The water moccasin is severely wounded.
The water moccasin completely misses you.
Casting: Foxfire (safe; 1% risk of failure)
Confirm with . or Enter, or press ? or * to list all spells.
You conjure some foxfire!
You feel sick.
The foxfire hits the water moccasin.
The water moccasin is almost dead.
The water moccasin closely misses you.
Casting: Foxfire (safe; 1% risk of failure)
Confirm with . or Enter, or press ? or * to list all spells.
You conjure some foxfire!
You feel sick.
The foxfire hits the water moccasin but does no damage.
The water moccasin is almost dead.
The foxfire hits the water moccasin!
You kill the water moccasin!
The foxfire hits the ogre!
The ogre is moderately wounded.
Your Fire Magic skill increases to level 5!
Casting: Foxfire (safe; 1% risk of failure)
Confirm with . or Enter, or press ? or * to list all spells.
You don't know that spell.
Casting: Foxfire (safe; 1% risk of failure)
Confirm with . or Enter, or press ? or * to list all spells.
You conjure some foxfire!
You feel sick.
The foxfire hits the ogre.
The ogre is heavily wounded.
The foxfire hits the ogre.
The ogre is heavily wounded.
Casting: Foxfire (safe; 1% risk of failure)
Confirm with . or Enter, or press ? or * to list all spells.
You conjure some foxfire!
You feel sick.
The foxfire hits the ogre.
The ogre is severely wounded.
The foxfire hits the ogre.
The ogre is severely wounded.
The ogre hits you with a +0 giant spiked club!!
Ouch! That really hurt!
You die...

#.# ### #.# ##.###.#
###########...##.#
#.......##.......#
#.#####.###...##.## #####
#.#..........##...#########...#
#.#.###.######.§§v............##
#.#.# #.# ##.@v######.......#
#.#.###.# ##O## #.###.#.#
#...Z...# #.# #.# #.#.#
###.##### #.# #.###.#.# ##...##
#'# #.##..#.# #.....# #...#
#.##.##.# #.....# #.....#
#.##.##.# #......# #.$.....#
#.#..##.# ........#
#.........###.......#


You could see an ogre (ally target).

Vanquished Creatures
  A water moccasin (D:5)
  An ice beast (D:5)
  A wyvern skeleton (D:5)
  A jelly (D:4)
  A bullfrog zombie (D:5)
  An orc priest (D:3)
  Ijyb (D:3)
  An iguana (D:3)
  4 gnolls (D:3)
  An adder (D:4)
  An ufetubus (D:4)
  A dart slug (D:1)
  10 orcs
  2 bats
  3 endoplasms
  5 giant cockroaches
  6 goblins
  6 hobgoblins
  11 jackals
  8 quokkas
  7 ball pythons
  7 frilled lizards
  5 kobolds
  3 rats
88 creatures vanquished.

Vanquished Creatures (others)
  220 foxfires
  4 plants (D:3)
224 creatures vanquished.

Grand Total: 312 creatures vanquished

Notes
Turn   | Place    | Note
-------+----------+-------------------------------------------
     0 | D:1      | roflturtle the Demigod Fire Elementalist began the quest
                  | for the Orb.
     0 | D:1      | Reached XP level 1. HP: 14/14 MP: 5/5
    34 | D:1      | Reached skill level 1 in Conjurations
   201 | D:1      | Reached skill level 3 in Fire Magic
   281 | D:1      | Reached XP level 2. HP: 13/20 MP: 7/7
   842 | D:2      | Reached skill level 1 in Fighting
  1141 | D:2      | Noticed an ogre
  1513 | D:2      | Reached XP level 3. HP: 28/28 MP: 6/8
  1600 | D:2      | Learned a level 3 spell: Conjure Flame
  1787 | D:3      | Noticed Ijyb
  1795 | D:3      | Killed Ijyb
  1943 | D:3      | Reached XP level 4. HP: 35/35 MP: 5/9
  2208 | D:3      | Learned a level 3 spell: Inner Flame
  2367 | D:3      | Reached XP level 5. HP: 27/41 MP: 5/10
  2525 | D:3      | Learned a level 1 spell: Magic Dart
  3317 | D:4      | Reached skill level 4 in Fire Magic
  4689 | D:5      | Entered Level 5 of the Dungeon
  4764 | D:5      | Noticed an ice beast
  4773 | D:5      | Killed an ice beast
  4774 | D:5      | Reached XP level 6. HP: 43/48 MP: 2/14
  4793 | D:5      | HP: 2/48 [wyvern skeleton (1)]
  5098 | D:5      | Noticed Menkaure
  5146 | D:5      | Noticed a water moccasin
  5160 | D:5      | Killed a water moccasin
  5161 | D:5      | Reached skill level 5 in Fire Magic
  5162 | D:5      | Slain by an ogre

Illustrated notes

Levels and vault maps discovered:
D:1:      nzn_arrival_settlement, layout_basic, basic_ecumenical_altar,
          serial_bayou_pond_d
D:2:      layout_loops_ring
D:3:      layout_basic, nicolae_ru_awakened_eye, hex_medium, minmay_lizard_king,
          uniq_ijyb
D:4:      layout_basic, palyth_stone_intersect, hangedman_abyss_or_decor_slice,
          minmay_door_square
D:5:      layout_loops_corners, nrook_loot_triangle, uniq_menkaure

Skill      XL: |  1  2  3  4  5  6 |
---------------+-------------------+-----
Conjurations   | 1 2 3 |  3.0
Spellcasting   | 2 3 |  3.4
Fire Magic     | 3 4 5 |  5.1
Dodging        | 2 |  2.0
Stealth        | 2 |  2.0
Fighting       | 1 2 |  2.1

Action                   |  1- 3 |  4- 6 || total
-------------------------+-------+-------++-------
Melee: Unarmed           |    13 |       ||    13
       Short sword       |    52 |    67 ||   119
       Dagger            |       |    27 ||    27
 Cast: Foxfire           |    57 |    81 ||   138
       Inner Flame       |       |     1 ||     1
 Stab: Sleeping          |     3 |     4 ||     7
Armor: Robe              |    16 |    24 ||    40
Dodge: Dodged            |    58 |    76 ||   134

Table legend: (Time is in decaauts)
 A = Elapsed time spent in this place.
 B = Non-inter-level travel time spent in this place.
 C = Inter-level travel time spent in this place.
 D = Time resting spent in this place.
 E = Time spent auto-exploring this place.
 F = Levels seen in this place.
 G = Mean time per level.
                   A        B        C        D        E       F      G
               +--------+--------+--------+--------+--------+-----+--------+
         Total |   5173 |   5015 |    158 |   1195 |   2568 |   5 | 1034.6 |
       Dungeon |   5173 |   5015 |    158 |   1195 |   2568 |   5 | 1034.6 |
               +--------+--------+--------+--------+--------+-----+--------+

Top non-repeatable levels by time:
     D:3: 1612 daAuts
     D:4: 1482 daAuts
     D:1: 830 daAuts
     D:2: 775 daAuts
     D:5: 472 daAuts
